HSSL
MARIS SCHOOL @ BILLINGS WEST HS GOLDEN BEARS
04/08/2026
 
TOP OF THE 1ST
Maris School batting - Pitching for Billings West HS Golden Bears : RHP Abel Walker
Pitching: RHP Abel Walker
Batting: LHB Ryan Martin 0-0: Called Strike
0-1: Ball
1-1: DOUBLE (Groundball, 3L)
Batting: RHB Doug Carter 0-0: Ground out 1-3 (Groundball, 15)
Batting: RHB Dan Duckworth 0-0: Ball
1-0: Ground out 6-3 (Groundball, 6)
Batting: RHB John Scammell 0-0: Ball
1-0: Ball
2-0: Swinging Strike
2-1: Swinging Strike
2-2: Strikes out swinging
Top of the 1st over - 0 run(s), 1 hit(s), 0 error(s), 1 left on base; Maris School 0 - Billings West HS 0
BOTTOM OF THE 1ST
Billings West HS Golden Bears batting - Pitching for Maris School : RHP Michael Clay
Pitching: RHP Michael Clay
Batting: RHB Rob Johnston 0-0: Called Strike
0-1: Fly out, F9 (Flyball, 9LS)
Batting: SHB Juan Soriano 0-0: Ground out 1-3 (Groundball, 13S)
Batting: LHB Duane Lemay 0-0: Ball
1-0: Ground out 4-3 (Groundball, 34)
Bottom of the 1st over - 0 run(s), 0 hit(s), 0 error(s), 0 left on base; Maris School 0 - Billings West HS 0
TOP OF THE 2ND
Maris School batting - Pitching for Billings West HS Golden Bears : RHP Abel Walker
Batting: RHB Dave McGuire 0-0: Ball
1-0: Foul Ball, location: 2F
1-1: Foul Ball, location: 2F
1-2: Strikes out swinging
Batting: RHB Bruce Adams 0-0: Called Strike
0-1: Ball
1-1: Foul Ball, location: 2F
1-2: Ball
2-2: Foul Ball, location: 2F
2-2: Ball
3-2: Strikes out looking
Batting: RHB Zane Heath 0-0: Called Strike
0-1: Foul Ball, location: 2F
0-2: Ball
1-2: Foul Ball, location: 2F
1-2: Fly out, F9 (Flyball, 9M)
Top of the 2nd over - 0 run(s), 0 hit(s), 0 error(s), 0 left on base; Maris School 0 - Billings West HS 0
BOTTOM OF THE 2ND
Billings West HS Golden Bears batting - Pitching for Maris School : RHP Michael Clay
Batting: RHB Spike Kennedy 0-0: Ball
1-0: Ball
2-0: Ball
3-0: Called Strike
3-1: Base on Balls
Batting: RHB Bryce Murray 0-0: Ball
1-0: Ball
2-0: Ball
Spike Kennedy steals 2nd base
3-0: Called Strike
3-1: Ground out 6-3 (Groundball, 6)
Batting: RHB Lawrence Pérez 0-0: Called Strike
0-1: Ball
Spike Kennedy steals 3rd base
1-1: Called Strike
1-2: Strikes out looking
Batting: RHB Ethan Ramos 0-0: Ball
1-0: Ball
2-0: Reached on Error, E8 (Flyball, 8RM)
Spike Kennedy scores
Batting: RHB Eric Dodd 0-0: Called Strike
0-1: Called Strike
0-2: Ball
1-2: Ball
2-2: Strikes out swinging
Bottom of the 2nd over - 1 run(s), 0 hit(s), 1 error(s), 1 left on base; Maris School 0 - Billings West HS 1
TOP OF THE 3RD
Maris School batting - Pitching for Billings West HS Golden Bears : RHP Abel Walker
Batting: LHB Dustin Wesman 0-0: Ball
1-0: Ball
2-0: Ball
3-0: Called Strike
3-1: Foul Ball, location: 2F
3-2: Base on Balls
Batting: RHB Ed Jackson 0-0: Called Strike
0-1: Foul Ball, location: 2F
0-2: Ball
1-2: Ball
2-2: Strikes out swinging
Batting: LHB Ryan Martin 0-0: Ball
1-0: Ball
2-0: Called Strike
2-1: SINGLE (Groundball, 4M)
Dustin Wesman to second
Batting: RHB Doug Carter 0-0: Ball
1-0: Ball
2-0: Called Strike
2-1: Foul Ball, location: 2F
2-2: Ball
3-2: Foul Ball, location: 2F
3-2: Foul Ball, location: 2F
3-2: Strikes out looking
Batting: RHB Dan Duckworth 0-0: Ball
1-0: Ball
2-0: Ball
3-0: Called Strike
3-1: Base on Balls
Dustin Wesman to third
Ryan Martin to second
Batting: RHB John Scammell 0-0: Ball
1-0: SINGLE (Line Drive, 8LS)
Dustin Wesman scores
Ryan Martin to third
Dan Duckworth to second
Runner from 3rd tries for Home, SAFE, throw made home
Dan Duckworth to third
John Scammell to second
Batting: RHB Dave McGuire 0-0: Fly out, F9 (Flyball, 89M)
Top of the 3rd over - 2 run(s), 2 hit(s), 0 error(s), 2 left on base; Maris School 2 - Billings West HS 1
BOTTOM OF THE 3RD
Billings West HS Golden Bears batting - Pitching for Maris School : RHP Michael Clay
Batting: LHB David Trent 0-0: Ball
1-0: DOUBLE (Flyball, 7LM)
Batting: RHB Rob Johnston 0-0: Swinging Strike
0-1: Called Strike
0-2: SINGLE (Groundball, 4M)
David Trent to third
Batting: SHB Juan Soriano 0-0: Fly out, F8 (Line Drive, 8LS)
Batting: LHB Duane Lemay 0-0: Called Strike
0-1: Ball
1-1: Ball
2-1: Called Strike
2-2: Ball
3-2: Foul Ball, location: 2F
3-2: SINGLE (Line Drive, 34D)
David Trent scores
Rob Johnston to second
Batting: RHB Spike Kennedy 0-0: Ball
Rob Johnston steals 3rd base
Duane Lemay to second
1-0: Ball
2-0: Ball
3-0: Base on Balls
Batting: RHB Bryce Murray 0-0: Called Strike
0-1: Called Strike
0-2: Foul Ball, location: 2F
0-2: Strikes out swinging
Batting: RHB Lawrence Pérez 0-0: Called Strike
0-1: Ball
1-1: Foul Ball, location: 2F
1-2: Strikes out swinging
Bottom of the 3rd over - 1 run(s), 3 hit(s), 0 error(s), 3 left on base; Maris School 2 - Billings West HS 2
TOP OF THE 4TH
Maris School batting - Pitching for Billings West HS Golden Bears : RHP Abel Walker
Batting: RHB Bruce Adams 0-0: Called Strike
0-1: Swinging Strike
0-2: Foul Ball, location: 2F
0-2: Ground out 1-3 (Groundball, 15)
Batting: RHB Zane Heath 0-0: Ball
1-0: Called Strike
1-1: Foul Ball, location: 2F
1-2: Ball
2-2: Foul Ball, location: 2F
2-2: Ball
3-2: Fly out, F8 (Flyball, 8LM)
Batting: LHB Dustin Wesman 0-0: Ball
1-0: Called Strike
1-1: Ground out U3 (Groundball, 3)
Top of the 4th over - 0 run(s), 0 hit(s), 0 error(s), 0 left on base; Maris School 2 - Billings West HS 2
BOTTOM OF THE 4TH
Billings West HS Golden Bears batting - Pitching for Maris School : RHP Michael Clay
Batting: RHB Ethan Ramos 0-0: Reached on error, E5 (Groundball, 56)
Batting: RHB Eric Dodd 0-0: Called Strike
Ethan Ramos steals 2nd base
0-1: Foul Ball, location: 2F
0-2: Ball
1-2: Ball
2-2: Strikes out swinging
Batting: LHB David Trent 0-0: Called Strike
0-1: Swinging Strike
0-2: SINGLE (Groundball, 56D)
Ethan Ramos to third
Batting: RHB Rob Johnston 0-0: Ball
1-0: Called Strike
1-1: Reached on Error, E9 (Flyball, 89S)
Ethan Ramos scores
David Trent to second
Batting: SHB Juan Soriano 0-0: Ball
1-0: Called Strike
1-1: Ball
2-1: SINGLE (Line Drive, 4MD)
David Trent to third
Rob Johnston to second
Runner from 3rd tries for Home, SAFE, throw made home
Batting: LHB Duane Lemay 0-0: SINGLE (Line Drive, 9LS)
Rob Johnston to third
Juan Soriano to second
Runner from 3rd tries for Home, SAFE, no throw or cutoff
Batting: RHB Spike Kennedy 0-0: Called Strike
0-1: Swinging Strike
0-2: Foul Ball, location: 2F
0-2: Strikes out looking
Batting: RHB Bryce Murray 0-0: Ball
1-0: Ball
2-0: Foul Ball, location: 2F
2-1: Ball
3-1: Base on Balls
Juan Soriano to third
Duane Lemay to second
Batting: RHB Lawrence Pérez 0-0: Ball
1-0: Ball
2-0: Ball
3-0: Called Strike
3-1: Foul Ball, location: 2F
3-2: SINGLE (Groundball, 56)
Juan Soriano scores
Duane Lemay to third
Bryce Murray to second
Duane Lemay scores
Bryce Murray to third
Pitching: LHP Rick Wolf
Batting: RHB Ethan Ramos 0-0: Ball
1-0: Foul Ball, location: 2F
1-1: Ball
2-1: Ball
3-1: Called Strike
3-2: Base on Balls
Lawrence Pérez to second
Batting: RHB Eric Dodd 0-0: Ball
1-0: Foul Ball, location: 2F
1-1: Called Strike
1-2: Ball
2-2: SINGLE (Groundball, 56)
Bryce Murray scores
Lawrence Pérez to third
Ethan Ramos to second
Runner from 3rd tries for Home, SAFE, no throw or cutoff
Batting: LHB David Trent 0-0: SINGLE (Line Drive, 6D)
Ethan Ramos to third
Eric Dodd to second
Runner from 3rd tries for Home, SAFE, no throw or cutoff
Batting: RHB Rob Johnston 0-0: Ball
1-0: Called Strike
1-1: Ball
2-1: Ball
3-1: Called Strike
3-2: Base on Balls
Eric Dodd to third
David Trent to second
Batting: SHB Juan Soriano 0-0: Ground out U3 (Groundball, 3S)
Bottom of the 4th over - 8 run(s), 6 hit(s), 2 error(s), 3 left on base; Maris School 2 - Billings West HS 10
TOP OF THE 5TH
Maris School batting - Pitching for Billings West HS Golden Bears : RHP Abel Walker
Batting: RHB Ed Jackson 0-0: Ball
1-0: Foul Ball, location: 2F
1-1: Ball
2-1: Foul Ball, location: 2F
2-2: Ground out 6-3 (Groundball, 6M)
Batting: LHB Ryan Martin 0-0: Called Strike
0-1: Called Strike
0-2: Fly out, F7 (Flyball, 78M)
Batting: RHB Doug Carter 0-0: Ball
1-0: Foul Ball, location: 2F
1-1: Swinging Strike
1-2: Strikes out swinging
Top of the 5th over - 0 run(s), 0 hit(s), 0 error(s), 0 left on base; Maris School 2 - Billings West HS 10
BOTTOM OF THE 5TH
Billings West HS Golden Bears batting - Pitching for Maris School : LHP Rick Wolf
Batting: LHB Duane Lemay 0-0: Foul Ball, location: 2F
0-1: Swinging Strike
0-2: Ground out U3 (Groundball, 3)
Batting: RHB Spike Kennedy 0-0: Reached on error, E6 (Groundball, 6M)
Batting: RHB Bryce Murray 0-0: Ball
1-0: SINGLE (Groundball, 4M)
Spike Kennedy to third
Runner from 3rd tries for Home, SAFE, no throw or cutoff
Batting: RHB Lawrence Pérez 0-0: Ball
1-0: Ball
2-0: Ball
3-0: Called Strike
3-1: 2-RUN HOME RUN (Line Drive, 78XD), Distance : 427 ft
Batting: RHB Ethan Ramos 0-0: Ball
1-0: Fly out, F7 (Flyball, 7M)
Batting: RHB Eric Dodd 0-0: Swinging Strike
0-1: Ball
1-1: Called Strike
1-2: Ball
2-2: Ball
3-2: Foul Ball, location: 2F
3-2: Foul Ball, location: 2F
3-2: SINGLE (Groundball, 34S)
Batting: LHB David Trent 0-0: Called Strike
0-1: Ball
1-1: Swinging Strike
1-2: Ball
2-2: Foul Ball, location: 2F
2-2: Ball
3-2: Fly out, F7 (Flyball, 78M)
Bottom of the 5th over - 3 run(s), 3 hit(s), 1 error(s), 1 left on base; Maris School 2 - Billings West HS 13
TOP OF THE 6TH
Maris School batting - Pitching for Billings West HS Golden Bears : RHP Abel Walker
Pitching: RHP Norberto Díaz
Batting: RHB Dan Duckworth 0-0: Ball
1-0: SINGLE (Groundball, 6)
Batting: RHB John Scammell 0-0: Called Strike
0-1: Foul Ball, location: 2F
0-2: Ball
1-2: Ball
2-2: Ball
3-2: Base on Balls
Dan Duckworth to second
Batting: RHB Dave McGuire 0-0: DOUBLE (Line Drive, 89S)
Dan Duckworth scores
John Scammell to third
Batting: RHB Bruce Adams 0-0: Called Strike
0-1: Ball
1-1: SINGLE (Flyball, 8LS)
John Scammell scores
Dave McGuire to third
Batting: RHB Zane Heath 0-0: Ball
1-0: Foul Ball, location: 2F
1-1: Ball
2-1: Called Strike
2-2: Ball
3-2: Strikes out swinging
Bruce Adams steals 2nd base
Batter strikes out.
Batting: LHB Dustin Wesman 0-0: Foul Ball, location: 2F
0-1: Foul Ball, location: 2F
0-2: Foul Ball, location: 2F
0-2: Fly out, F4 (Popup, 34D)
Batting: RHB Ed Jackson 0-0: Ball
1-0: SINGLE (Line Drive, 4MD)
Dave McGuire scores
Bruce Adams to third
Runner from 3rd tries for Home, SAFE, no throw or cutoff
Batting: LHB Ryan Martin 0-0: Ground out U3 (Groundball, 3S)
Top of the 6th over - 4 run(s), 4 hit(s), 0 error(s), 1 left on base; Maris School 6 - Billings West HS 13
BOTTOM OF THE 6TH
Billings West HS Golden Bears batting - Pitching for Maris School : LHP Rick Wolf
Pitching: RHP Jim Forrest
Batting: RHB Rob Johnston 0-0: Ball
1-0: Ball
2-0: Ball
3-0: Called Strike
3-1: Base on Balls
Batting: SHB Juan Soriano 0-0: Ball
1-0: Ball
2-0: Ball
3-0: Called Strike
3-1: Called Strike
3-2: Base on Balls
Rob Johnston to second
Batting: LHB Duane Lemay 0-0: Called Strike
0-1: Foul Ball, location: 2F
0-2: Ball
1-2: Ball
2-2: DOUBLE (Line Drive, 9LS)
Rob Johnston scores
Juan Soriano to third
Runner from 3rd tries for Home, SAFE, throw made home
Batting: RHB Spike Kennedy 0-0: Ball
1-0: Ball
2-0: Called Strike
2-1: Swinging Strike
2-2: SINGLE (Groundball, 4D)
Duane Lemay to third
Batting: RHB Bryce Murray 0-0: Called Strike
0-1: Ball
1-1: Fly out, F6 (Popup, 6)
Batting: RHB Lawrence Pérez 0-0: Ball
1-0: Ball
2-0: Called Strike
2-1: Grounds into double play, U6-3 (Groundball, 6M)
Bottom of the 6th over - 2 run(s), 2 hit(s), 0 error(s), 1 left on base; Maris School 6 - Billings West HS 15
TOP OF THE 7TH
Maris School batting - Pitching for Billings West HS Golden Bears : RHP Norberto Díaz
Batting: RHB Doug Carter 0-0: Called Strike
0-1: Ball
1-1: Called Strike
1-2: Foul Ball, location: 2F
1-2: Ball
2-2: Reached on error, E6 (Groundball, 6M)
Batting: RHB Dan Duckworth 0-0: Ball
1-0: Fly out, F5 (Line Drive, 5)
Batting: RHB John Scammell 0-0: Fly out, F9 (Flyball, 89S)
Batting: RHB Dave McGuire 0-0: Ground out 4-3 (Groundball, 4)
Top of the 7th over - 0 run(s), 0 hit(s), 1 error(s), 1 left on base; Maris School 6 - Billings West HS 15
BOTTOM OF THE 7TH
Billings West HS Golden Bears batting - Pitching for Maris School : RHP Jim Forrest
Batting: RHB Ethan Ramos 0-0: Foul Ball, location: 2F
0-1: Ground out 4-3 (Groundball, 4)
Batting: RHB Eric Dodd 0-0: Called Strike
0-1: Ball
1-1: Called Strike
1-2: Ball
2-2: Foul Ball, location: 2F
2-2: Ball
3-2: Base on Balls
Batting: LHB David Trent 0-0: Ball
1-0: Foul Ball, location: 2F
1-1: Called Strike
1-2: Ball
2-2: Strikes out swinging
Batting: RHB Rob Johnston 0-0: Called Strike
0-1: Ball
1-1: Called Strike
1-2: Ball
2-2: Fly out, F8 (Flyball, 8LM)
Bottom of the 7th over - 0 run(s), 0 hit(s), 0 error(s), 1 left on base; Maris School 6 - Billings West HS 15
TOP OF THE 8TH
Maris School batting - Pitching for Billings West HS Golden Bears : RHP Norberto Díaz
Pitching: RHP Shawn Gilliam
Batting: RHB Bruce Adams 0-0: Ball
1-0: Ball
2-0: Ball
3-0: Base on Balls
Batting: RHB Zane Heath 0-0: SINGLE (Groundball, 5D)
Bruce Adams to second
Batting: LHB Dustin Wesman 0-0: Foul Ball, location: 2F
0-1: Foul Ball, location: 2F
0-2: Strikes out looking
Batting: RHB Ed Jackson 0-0: Swinging Strike
0-1: Ball
1-1: Foul Ball, location: 2F
1-2: Foul Ball, location: 2F
1-2: Foul Ball, location: 2F
1-2: Strikes out swinging
Batting: LHB Ryan Martin 0-0: Ball
1-0: Ball
2-0: Ball
3-0: Base on Balls
Bruce Adams to third
Zane Heath to second
Batting: RHB Doug Carter 0-0: Called Strike
0-1: Foul Ball, location: 2F
0-2: Ball
1-2: Ball
2-2: Strikes out swinging
Top of the 8th over - 0 run(s), 1 hit(s), 0 error(s), 3 left on base; Maris School 6 - Billings West HS 15
BOTTOM OF THE 8TH
Billings West HS Golden Bears batting - Pitching for Maris School : RHP Jim Forrest
Pitching: RHP Don Anderson
Batting: SHB Juan Soriano 0-0: Swinging Strike
0-1: Swinging Strike
0-2: Fly out, F7 (Line Drive, 7S)
Batting: LHB Duane Lemay 0-0: Ball
1-0: Ball
2-0: Called Strike
2-1: Ground out 6-3 (Groundball, 6M)
Batting: RHB Spike Kennedy 0-0: Ball
1-0: Ball
2-0: Ball
3-0: Base on Balls
Batting: RHB Bryce Murray 0-0: SINGLE (Groundball, 56D)
Spike Kennedy to second
Batting: RHB Lawrence Pérez 0-0: Swinging Strike
0-1: Ball
1-1: Called Strike
1-2: Foul Ball, location: 2F
1-2: DOUBLE (Line Drive, 8RS)
Spike Kennedy scores
Bryce Murray to third
Runner from 3rd tries for Home, SAFE, throw made at trailing runner, SAFE at third!
Batting: RHB Ethan Ramos 0-0: Ball
1-0: Fly out, F8 (Popup, 8LS)
Bottom of the 8th over - 2 run(s), 2 hit(s), 0 error(s), 1 left on base; Maris School 6 - Billings West HS 17
TOP OF THE 9TH
Maris School batting - Pitching for Billings West HS Golden Bears : RHP Shawn Gilliam
Batting: RHB Dan Duckworth 0-0: Ball
1-0: Swinging Strike
1-1: Called Strike
1-2: Strikes out swinging
Batting: RHB John Scammell 0-0: Called Strike
0-1: Called Strike
0-2: Strikes out looking
Batting: RHB Dave McGuire 0-0: Foul Ball, location: 2F
0-1: Called Strike
0-2: Ball
1-2: Fly out, F8 (Flyball, 8LM)
Top of the 9th over - 0 run(s), 0 hit(s), 0 error(s), 0 left on base; Maris School 6 - Billings West HS 17
Monday, December 5th, 2016 - OOTP Baseball 17.12 Build 75